 Dungeon Crawl Stone Soup version 0.29-a0-451-gfbfa42419e (webtiles) character file.

Game seed: 15806505229955435259

88 zishaf the Skirmisher (level 4, -1/55 HPs)
             Began as an Ogre Chaos Knight on May 19, 2022.
             Was a Plaything of Xom.
             Succumbed to an adder's poison
             ... on level 3 of the Dungeon.
             The game lasted 00:03:27 (2045 turns).

zishaf the Skirmisher (Ogre Chaos Knight)           Turns: 2045, Time: 00:03:28

Health: -1/55      AC:  5    Str: 18    XL:     4   Next: 54%
Magic:  4/4        EV:  9    Int: 19    God:    Xom [....*.]
Gold:   132        SH:  0    Dex:  8    Spells: 3/3 levels left

rFire   . . .      SeeInvis .   k - +1 short sword (elec)
rCold   . . .      Faith    .   (no shield)
rNeg    . . .      Spirit   .   g - +2 robe
rPois   .          Reflect  .   (helmet restricted)
rElec   .          Harm     .   (no cloak)
rCorr   .          Rampage  .   (gloves unavailable)
Will    .....                   (boots unavailable)
Stlth   +.........              (no amulet)
HPRegen 0.18/turn               f - +6 ring of intelligence
MPRegen 0.09/turn               (no ring)

@: mighty, lethally poisoned (-1 -> -11)
A: large, unfitting armour, tough skin 1, robust 1
a: Renounce Religion


You were on level 3 of the Dungeon.
You worshipped Xom.
You were a beloved toy of Xom.
You visited 1 branch of the dungeon, and saw 3 of its levels.

You collected 132 gold pieces.

Inventory:

Hand Weapons
 a - a +0 mace of chaos
 b - a +0 hunting sling
 k - a +1 short sword of electrocution (weapon)
Armour
 g - a +2 robe (worn)
Jewellery
 f - a +6 ring of intelligence (left hand)
Scrolls
 d - a scroll of silence {unknown}
 e - 3 scrolls of identify {unknown}
 i - a scroll of poison {unknown}
 j - 2 scrolls of teleportation {unknown}
 m - a scroll of enchant armour {unknown}
Potions
 h - a potion of berserk rage {unknown}
 l - a potion of degeneration {unknown}
 n - a potion of might
Miscellaneous
 c - a piece from Xom's chessboard (15/15) (quivered)


   Skills:
 + Level 5.6 Fighting
 + Level 1.0 Short Blades
 - Level 3.5 Maces & Flails
 - Level 2.1 Dodging


You had 3 spell levels left.
You didn't know any spells.
Your spell library was empty.

Dungeon Overview and Level Annotations

Branches:
Dungeon (3/15)

Altars:


Innate Abilities, Weirdness & Mutations

You are too large for most types of armour.
You have tough skin. (AC +1)
You are robust. (+10% HP)


Message History

The orc wizard is lightly wounded.
The orc hits you but does no damage.
The orc wizard hits you but does no damage.
The orc closely misses you. The orc misses you.
You hit the orc wizard.
Lightning courses through the orc wizard!!
You kill the orc wizard!
The orc hits you but does no damage. The orc closely misses you.
The orc hits you but does no damage.
Your Short Blades skill increases to level 1!
The orc barely misses you. The orc hits you but does no damage.
Items here: )) [[ ††.
The orc attacks as you move away! The orc barely misses you.
The orc attacks as you move away! The orc hits you with a +0 hand axe.
* * * LOW HITPOINT WARNING * * *
Found a stone staircase leading up and a stone staircase leading down.
An adder comes into view.
Found a stone staircase leading down.
The adder hisses angrily.
The adder bites you.
* * * LOW HITPOINT WARNING * * *
You are poisoned.
The adder poisons you!
You feel sick. The adder bites you.
* * * LOW HITPOINT WARNING * * *
You are lethally poisoned!
The adder poisons you! The adder bites you.
* * * LOW HITPOINT WARNING * * *
You are more poisoned.
The adder poisons you!
* * * LOW HITPOINT WARNING * * *
You feel very sick. "You need some minor improvements, mortal!"
Your body is suffused with distortional energy.
Your thinking seems confused.
You are now a beloved toy of Xom.
It was a potion of might.
You feel very mighty all of a sudden.
You die...
Xom is highly amused!

###...#..##
#...#.##
#####o# #o# #
#.# .#
##o###.#
##...#..#
##.^.S...#
#....@.>.#
....>...<..#
............#
............#
...........##
...........#
....#......
...#######.#


You could see an adder and 3 orcs.

Vanquished Creatures
  An orc wizard (D:3)
  2 adders (D:2)
  A worm (D:2)
  An orc (D:3)
  4 ball pythons
  4 endoplasms
  3 giant cockroaches
  5 goblins
  2 hobgoblins (D:2)
  A quokka (D:2)
  4 bats
  3 frilled lizards
  6 kobolds
  6 rats
43 creatures vanquished.

Notes
Turn   | Place    | Note
-------+----------+-------------------------------------------
     0 | D:1      | zishaf the Ogre Chaos Knight began the quest for the Orb.
     0 | D:1      | Reached XP level 1. HP: 24/24 MP: 1/1
   100 | D:1      | You fall into a shaft and drop 1 floor!
   156 | D:2      | HP: 1/24 [adder (2)]
   158 | D:2      | Reached XP level 2. HP: 1/33 MP: 2/2
   169 | D:2      | HP: 1/33 [giant cockroach (1)]
   662 | D:2      | Reached XP level 3. HP: 40/40 MP: 3/3
   756 | D:2      | Reached skill level 5 in Fighting
   796 | D:2      | XOM: 1-stop teleportation journey
   845 | D:1      | XOM: cloud trail
   938 | D:1      | Found a faded altar of an unknown god.
  1221 | D:1      | XOM: silly message
  1266 | D:1      | XOM: silly message
  1273 | D:1      | XOM: noise
  1467 | D:2      | XOM: give mutations
  1467 | D:2      | Gained mutation: You are robust. (+10% HP) [Xom's grace]
  1467 | D:2      | Gained mutation: You possess an exceptional clarity of
                  | mind. [Xom's grace]
  1511 | D:2      | Reached XP level 4. HP: 42/55 MP: 4/4
  2034 | D:3      | Reached skill level 1 in Short Blades
  2044 | D:3      | HP: 1/55 [poisoned by an adder]
  2044 | D:3      | XOM: give mutation
  2044 | D:3      | Lost mutation: You possess an exceptional clarity of mind.
                  | [Xom's mischief]
  2045 | D:3      | Succumbed to an adder's poison

Illustrated notes

Levels and vault maps discovered:
D:1:      minmay_arrival_nine_rooms, layout_basic, basic_ecumenical_altar
D:2:      layout_basic
D:3:      layout_loops_ring, nicolae_overflow_hallway_of_the_gods,
          biasface_ghost_orc_armoury

Skill      XL: |  1  2  3  4 |
---------------+-------------+-----
Maces & Flails | 3 |  3.5
Fighting       | 5 |  5.6
Short Blades   | 1 |  1.0
Dodging        | |  2.1

Action                   |  1- 3 |  4- 6 || total
-------------------------+-------+-------++-------
Melee: Mace              |    90 |       ||    90
       Short sword       |     5 |    28 ||    33
 Fire: Hunting sling     |     8 |       ||     8
  Use: Potion            |       |     1 ||     1
 Stab: Sleeping          |     2 |       ||     2
Armor: Robe              |    46 |    30 ||    76
Dodge: Dodged            |    49 |    35 ||    84

Table legend: (Time is in decaauts)
 A = Elapsed time spent in this place.
 B = Non-inter-level travel time spent in this place.
 C = Inter-level travel time spent in this place.
 D = Time resting spent in this place.
 E = Time spent auto-exploring this place.
 F = Levels seen in this place.
 G = Mean time per level.
                   A        B        C        D        E       F      G
               +--------+--------+--------+--------+--------+-----+--------+
         Total |   2071 |   2011 |     60 |      0 |   1579 |   3 |  690.3 |
       Dungeon |   2071 |   2011 |     60 |      0 |   1579 |   3 |  690.3 |
               +--------+--------+--------+--------+--------+-----+--------+

Top non-repeatable levels by time:
     D:2: 1350 daAuts
     D:1: 693 daAuts
     D:3: 27 daAuts
